AoeStats
← So sad

Nomad

505716935Analyzed
3v3 RM · 21d ago on Sep 10, 2026· 31m 7s· 6 players
Game mode
Random Map
Map size
210×210
Population
200
Speed
Normal
Resources
Standard
Victory
Conquest
Starting age
Dark Age
Ending age
Imperial Age
RankedLock teamsTeams togetherTeam positionsShared explorationLock speedFull tech treeHidden civsTurbo modeCheats
Victory
Defeat
🇺🇦 Chinese · Ukraine
1331
+15
🇧🇾 Dravidians · Belarus
1322
+16
🇧🇾 Ethiopians · Belarus
1313
+16
🇬🇧 Italians · United Kingdom
1340
-17
🇬🇧 Japanese · United Kingdom
1319
-16
🇬🇧 Slavs · United Kingdom
1278
-14
applet
3:36 Loom
13:07 Feudal Age
13:55 Double-Bit Axe
19:21 Castle Age
17:49 Fletching
19:04 Padded Archer Armor
20:02 Bodkin Arrow
21:27 Gold Mining
21:40 Crossbowman
22:08 Horse Collar
23:09 Forging
24:44 Medium Warships
28:20 Ballistics
29:32 Wheelbarrow
33:39 Imperial Age
PIP.doed
4:26 Loom
14:40 Feudal Age
15:02 Man-at-Arms
16:51 Forging
16:45 Scale Mail Armor
22:13 Double-Bit Axe
30:11 Castle Age
sguu
4:58 Loom
13:24 Feudal Age
13:54 Town Watch
17:39 Fletching
18:41 Padded Archer Armor
22:15 Castle Age
22:54 Bodkin Arrow
22:59 Padded Archer Armor
22:22 Elite Skirmisher
HURMA
2:53 Loom
14:57 Feudal Age
19:35 Castle Age
17:59 Fletching
19:43 Padded Archer Armor
19:37 Crossbowman
20:17 Bodkin Arrow
23:47 Ballistics
24:27 Double-Bit Axe
25:12 Fishing Lines
26:20 Bow Saw
27:02 Stone Mining
28:47 Wheelbarrow
So sad
5:16 Loom
14:14 Feudal Age
14:41 Fishing Lines
19:10 Castle Age
17:12 Double-Bit Axe
18:05 Town Watch
20:12 Husbandry
24:51 Fletching
26:51 Elite Skirmisher
NiL
2:53 Loom
13:13 Feudal Age
18:46 Castle Age
17:23 Forging
17:05 Fletching
19:31 Bodkin Arrow
19:43 Stone Mining
19:35 Crossbowman
22:00 Padded Archer Armor
22:30 Fishing Lines
25:30 Thumb Ring
27:39 Elite Skirmisher
28:58 Wheelbarrow
28:08 Town Watch
28:47 Leather Archer Armor
Connection lost

Rejoining the realm…

Still unreachable

The connection could not be restored.

Session expired

The server has moved on; the page needs a fresh start.